 Dungeon Crawl Stone Soup version 0.29.1-12-g30fa7ad0bf (webtiles) character file.

Game seed: 6329237477477769060

4198 hawla the Tainter (level 10, -2/70 HPs)
             Began as a Meteoran Fire Elementalist on Jan 13, 2023.
             Was an Initiate of Vehumet.
             Killed from afar by an ice statue (16 damage)
             ... with a bolt of cold
             ... on level 7 of the Dungeon.
             The game lasted 00:22:17 (3162 turns).

hawla the Tainter (Meteoran Fire Elementalist)      Turns: 3162, Time: 00:22:19

Health: -2/70      AC:  6    Str: 18    XL:     10   Next: 83%
Magic:  28/32      EV: 13    Int: 27    God:    Vehumet [......]
Gold:   87         SH:  0    Dex: 15    Spells: 15/26 levels left

rFire   + + +      SeeInvis .   (no weapon)
rCold   + . .      Faith    .   (no shield)
rNeg    . . .      Spirit   .   g - +2 robe {Will+}
rPois   +          Reflect  .   (no helmet)
rElec   +          Harm     .   A - +1 cloak of the Stars {Str+3 Int+7 Slay-5}
rCorr   +          Rampage  .   (no gloves)
Will    ++...                   (no boots)
Stlth   +.........              i - amulet of regeneration
HPRegen 1.01/turn               v - ring "Zurhee" {Fly rF++ Str+4}
MPRegen 0.23/turn               w - ring of magical power

@: resistant, flying, glowing
A: sense surroundings 2, otherworldly, glowing, explore regen
a: Renounce Religion


You were on level 7 of the Dungeon.
You worshipped Vehumet.
Vehumet was noncommittal.
You visited 2 branches of the dungeon, and saw 8 of its levels.
You also visited: Ossuary.

You collected 531 gold pieces.
You spent 444 gold pieces at shops.

Inventory:

Armour
 g - a +2 robe of willpower (worn)
 A - the +1 cloak of the Stars (worn) {Str+3 Int+7 Slay-5}
   (You found it on level 7 of the Dungeon)

   Str:       It affects your strength (+3).
   Int:       It affects your intelligence (+7).
   Slay:      It affects your accuracy & damage with ranged weapons and melee
   (-5).
Jewellery
 i - an amulet of regeneration (around neck)
 v - the ring "Zurhee" (left hand) {Fly rF++ Str+4}
   (You found it on level 6 of the Dungeon)

   [ring of flight]

   Str:       It affects your strength (+4).
   rF:        It greatly protects you from fire.
   Fly:       It grants you flight.
 w - a ring of magical power (right hand)
Scrolls
 a - 3 scrolls of butterflies
 j - a scroll of amnesia
 p - a scroll of brand weapon
 u - a scroll of magic mapping
 x - a scroll of vulnerability
 y - a scroll of noise {unknown}
 z - a scroll of poison
Potions
 b - 4 potions of brilliance
 c - 4 potions of heal wounds {unknown}
 d - 2 potions of flight {unknown}
 e - 3 potions of lignification {unknown}
 f - 3 potions of might {unknown}
 h - a potion of attraction {unknown}
 k - 4 potions of haste {unknown}
 l - 5 potions of curing
 r - 2 potions of ambrosia
 s - a potion of resistance
 t - 3 potions of degeneration


   Skills:
 + Level 0.4 Fighting
 + Level 3.4 Dodging
 - Level 1.4 Stealth
 + Level 8.8 Spellcasting
 + Level 6.9 Conjurations
 + Level 9.1 Fire Magic
 + Level 10.6 Poison Magic


You had 15 spell levels left.
You knew the following spells:

 Your Spells              Type           Power      Damage    Failure   Level
a - Foxfire               Conj/Fire      100%       2x1d9     1%          1
b - Scorch                Fire           100%       2d10      1%          2
c - Flame Wave            Conj/Fire      53%        2d13      1%          4
d - Olgreb's Toxic Radia  Pois           62%        N/A       1%          4

Your spell library contained the following spells:

 Spells                   Type           Power      Damage    Failure   Level
 Sting                    Tmut/Pois      100%       1d8       1%          1
 Poisonous Vapours        Pois/Air       80%        N/A       1%          2
 Conjure Flame            Conj/Fire      53%        6-21      1%          3
 Inner Flame              Hex/Fire       36%        N/A       2%          3
 Stone Arrow              Conj/Erth      60%        3d10      3%          3
 Sandblast                Erth           22%        2d7       4%          1
 Passwall                 Tmut/Erth      9%         N/A       8%          2
 Gell's Gravitas          Tloc           11%        N/A       14%         3
 Teleport Other           Tloc           11%        N/A       14%         3
 Dispersal                Tloc           5%         N/A       100%        6
 Ozocubu's Refrigeration  Ice            5%         4d8       100%        7
 Ignition                 Fire           28%        3d9       100%        8


Dungeon Overview and Level Annotations

Branches:
Dungeon (7/15) Zot: 1253   Temple (1/1) D:4 Zot: 547 Ossuary (visited)

Altars:
Ashenzari
Dithmenos
Elyvilon
Fedhas
Gozag
Hepliaklqana
Kikubaaqudgha
Makhleb
Nemelex Xobeh
Okawaru
Ru
Sif Muna
Trog
Uskayaw
Vehumet
Wu Jian
Xom
Yredelemnul
Zin
The Shining One
Ignis

Shops:
D:6 !   D:7 *

Annotations:
D:7 exclusion: ice statue


Innate Abilities, Weirdness & Mutations

You passively map the area around you.
You are easily found by Zot.
You glow in the dark.
You regain HP and MP as you explore.


Message History

Casting: Flame Wave (dangerous; 1% risk of failure)
Press: ? - help, Dir - look around, f - activate A wave of flame ripples out!
The flame wave engulfs the ice beast!!
The ice beast melts!
You kill the ice beast!
The ice beast disappears in a puff of smoke! (Press . to intensify the flame waves.)
A wave of flame ripples out!
A wave of flame ripples out!
You finish channelling waves of flame.
Press: ? - help, v - describe, . - travel
Here: an ice statue The floor.
Casting: Flame Wave (dangerous; 1% risk of failure)
Confirm with . or Enter, or press ? or * to list all spells.
You conjure some foxfire!
The ice statue gestures at you. The shard of ice hits you!!
* * * LOW HITPOINT WARNING * * *
Unknown command.
The air fills with toxic fumes!
As you read the scroll labelled AWKAFOGAYDD, it crumbles to dust.
It was a scroll of poison.
The foxfire hits the ice statue but does no damage. x2
You feel better.
The ice statue is engulfed in a cloud of scalding steam.
The ice statue gestures.
You feel protected. Magic courses through your body.
The ice statue glitters chillingly in the dim dungeon light.
The ice statue gestures.
Casting: Foxfire (safe; 1% risk of failure)
Confirm with . or Enter, or press ? or * to list all spells.
Casting: Flame Wave (dangerous; 1% risk of failure)
Press: ? - help, Dir - look around, f - activate A wave of flame ripples out! (Press . to intensify the flame waves.)
The ice statue gestures at you.
The bolt of cold hits the ice beast.
The ice beast completely resists.
The bolt of cold hits you! You resist.
You die...

######## ############
.......# #⌠§§§§§≈§§§§ ,
######.# ##§§§§.§≈§Y§§ ,
############§§§§@§Y○8≈.^
, *
....#...#§§§§§§§.§§≈§§§§,
*
##.##._.##§##§§§§§§≈§§§§
#.##...##[############# *
#)##'''##.# ###
#)##...##.# #.####
#..'.P.'..# #....#
#..'.P.'.## ####.#
##..'...'.# #.#


You could see an ice statue and 2 ice beasts.

Vanquished Creatures
  Pikel (D:6)
  The ghost of FexLirch the Sneak, a novice VSEn (D:6)
  Grinder (D:4)
  A vampire mosquito (D:6)
  A steam dragon (D:6)
  Edmund (D:5)
  2 orc warriors (D:7)
  An ice beast (D:5)
  A black bear (D:7)
  3 ogres
  2 centaurs
  3 lemures (D:6)
  4 phantoms
  Blork the orc (D:4)
  3 bullfrogs
  5 scorpions
  3 necrophages (D:6)
  A gnoll sergeant (D:5)
  4 wights (D:6)
  A jelly (D:6)
  3 orc priests
  4 hounds (D:6)
  5 iguanas
  6 orc wizards
  8 mummies (Ossuary)
  5 adders
  5 gnolls (D:5)
  3 shadow imps
  2 white imps
  An ufetubus (D:6)
  27 orcs
  2 endoplasms
  2 giant cockroaches (D:4)
  3 goblins
  5 hobgoblins
  2 jackals (D:1)
  2 gnoll zombies (Ossuary)
  3 hobgoblin zombies (Ossuary)
  6 kobolds
  3 kobold zombies (Ossuary)
  3 rats
140 creatures vanquished.

Vanquished Creatures (others)
  196 foxfires
  A fungus (D:7)
197 creatures vanquished.

Grand Total: 337 creatures vanquished

Notes
Turn   | Place    | Note
-------+----------+-------------------------------------------
     0 | D:1      | hawla the Meteoran Fire Elementalist began the quest for
                  | the Orb.
     0 | D:1      | Reached XP level 1. HP: 14/14 MP: 5/5
    41 | D:1      | Found a faded altar of an unknown god.
    50 | D:1      | Reached XP level 2. HP: 18/20 MP: 0/6
    53 | D:1      | Learned a level 2 spell: Scorch
   124 | D:2      | Reached XP level 3. HP: 26/26 MP: 4/8
   211 | D:3      | Found a white marble altar of Elyvilon.
   214 | D:3      | Found a basalt altar of Yredelemnul.
   214 | D:3      | Found a glowing golden altar of the Shining One.
   217 | D:3      | Found an iron altar of Okawaru.
   230 | D:3      | Noticed an ogre
   236 | D:3      | Killed an ogre
   237 | D:3      | Reached skill level 5 in Fire Magic
   237 | D:3      | Reached XP level 4. HP: 33/33 MP: 2/10
   237 | D:3      | Reached XP level 5. HP: 38/38 MP: 2/11
   272 | D:4      | Learned a level 4 spell: Flame Wave
   272 | D:4      | Noticed Blork the orc
   277 | D:4      | Killed Blork the orc
   278 | D:4      | Reached XP level 6. HP: 36/45 MP: 5/12
   322 | D:4      | Found a staircase to the Ecumenical Temple.
   329 | Temple   | Entered the Ecumenical Temple
   512 | D:4      | Reached skill level 5 in Conjurations
   512 | D:4      | Reached XP level 7. HP: 50/50 MP: 4/13
   534 | D:4      | Found a sand-covered staircase.
   540 | Ossuary  | Entered an ossuary
   732 | D:4      | Noticed Grinder
   736 | D:4      | Killed Grinder
   737 | D:4      | Reached skill level 5 in Spellcasting
   737 | D:4      | Reached XP level 8. HP: 30/57 MP: 8/16
   986 | D:5      | Entered Level 5 of the Dungeon
  1034 | D:5      | Found a bloodstained altar of Trog.
  1246 | D:5      | Noticed Edmund
  1255 | D:5      | Killed Edmund
  1497 | D:6      | Gained mutation: You passively map the area around you.
                  | [Meteoran growth]
  1497 | D:6      | Reached XP level 9. HP: 63/63 MP: 8/21
  1595 | D:6      | Learned a level 4 spell: Olgreb's Toxic Radiance
  1602 | D:6      | Reached skill level 2 in Poison Magic
  1612 | D:6      | Reached skill level 3 in Poison Magic
  1648 | D:6      | Found Zauq's Distillery.
  1651 | D:6      | Bought a potion of magic for 96 gold pieces
  1651 | D:6      | Bought a potion of ambrosia for 96 gold pieces
  1651 | D:6      | Bought 2 potions of curing for 72 gold pieces
  1651 | D:6      | Bought a potion of resistance for 120 gold pieces
  1651 | D:6      | Bought a potion of degeneration for 12 gold pieces
  1651 | D:6      | Bought a potion of brilliance for 48 gold pieces
  1691 | D:6      | Found a runed translucent door.
  1691 | D:6      | Noticed FexLirch's ghost (novice VSEn)
  1729 | D:6      | Identified the +3 plate armour of Irrog {Will+}
  1749 | D:6      | Noticed Pikel
  1760 | D:6      | Killed Pikel
  1761 | D:6      | Reached skill level 6 in Poison Magic
  1822 | D:6      | Reached XP level 10. HP: 67/70 MP: 18/23
  2069 | D:6      | Reached skill level 7 in Poison Magic
  2110 | D:6      | Killed FexLirch's ghost
  2111 | D:6      | Reached skill level 8 in Poison Magic
  2236 | D:6      | Reached skill level 9 in Poison Magic
  2275 | D:6      | Reached skill level 10 in Poison Magic
  2282 | D:6      | Identified the ring "Zurhee" {Fly rF++ Str+4}
  2406 | D:7      | Found a sacrificial altar of Ru.
  2428 | D:7      | Noticed an ice statue
  2445 | D:7      | Found a shimmering blue altar of Sif Muna.
  2710 | D:7      | Identified the +1 cloak of the Stars {Str+3 Int+7 Slay-5}
  2728 | D:7      | Found a radiant altar of Vehumet.
  2745 | D:7      | Became a worshipper of Vehumet
  2761 | D:7      | Identified the +3 leather armour of the Miller {Slay+2}
  2794 | D:7      | Found Vesioluj's Assorted Antiques.
  3157 | D:7      | HP: 2/70 [ice statue/shard of ice (20)]
  3162 | D:7      | Killed from afar by an ice statue

Illustrated notes

Levels and vault maps discovered:
D:1:      evilmike_arrival_fibonacci_small, layout_basic, serial_shops,
          nicolae_diamond_shop, hellmonk_ecumenical_altar_dog_temple,
          minmay_tripent
D:2:      layout_basic, basic_altar, dreamdust_mushroom_princess, uniq_terence
D:3:      layout_basic, grunt_temple_overflow_open, uniq_jessica
D:4:      layout_cave_pools, minmay_temple_entry_grid,
          nicolae_ossuary_entry_plus, minmay_misc_feat_room, uniq_blork_the_orc,
          uniq_grinder
D:5:      layout_rooms, bloody_trog, hangedman_decor_opposing,
          chequers_serial_rivers_small_b, uniq_edmund
D:6:      minmay_clustersquares, layout_basic, hellmonk_ghost_happy_afterlife,
          serial_shops, kennysheep_mini, grunt_tough_drop, uniq_pikel
D:7:      lemuel_ice_statue, layout_loops_ring, mainiacjoe_overflow_big_doors,
          mainiacjoe_overflow_chevrons, serial_shops, nicolae_shop_behind_doors
Temple:   pdpol_scorched_temple

Skill      XL: |  1  2  3  4  5  6  7  8  9 10 |
---------------+-------------------------------+-----
Fire Magic     | 4 5 6 7 8 9 |  9.1
Spellcasting   | 3 5 7 8 |  8.8
Conjurations   | 2 3 5 6 |  6.9
Dodging        | 3 |  3.4
Poison Magic   | 6 10 | 10.6
Fighting       | |  0.4
Stealth        | |  1.4

Action                   |  1- 3 |  4- 6 |  7- 9 | 10-12 || total
-------------------------+-------+-------+-------+-------++-------
Melee: Unarmed           |     3 |     5 |     8 |     5 ||    21
 Cast: Foxfire           |    23 |    19 |    47 |    28 ||   117
       Scorch            |     2 |     7 |    32 |    32 ||    73
       Flame Wave        |       |       |    17 |    21 ||    38
       Olgreb's Toxic Ra |       |       |       |     2 ||     2
  Use: Scroll            |       |     3 |     1 |     8 ||    12
       Potion            |       |       |     2 |     6 ||     8
Armor: Robe              |     2 |     3 |     6 |     6 ||    17
Dodge: Dodged            |     3 |     4 |    30 |    27 ||    64
